 Dungeon Crawl Stone Soup version 0.22-a0-353-g2d6336e (webtiles) character file.

55 Amnesiac the Digger (level 3, 0/26 HPs)
             Began as a Mummy Earth Elementalist on Apr 15, 2018.
             Slain by a gnoll
             ... wielding a +0 spear
              (9 damage)
             ... on level 2 of the Dungeon.
             The game lasted 00:01:46 (858 turns).

Amnesiac the Digger (Mummy Earth Elementalist)       Turns: 858, Time: 00:01:47

Health: 0/26       AC:  3    Str: 11    XL:     3   Next: 67%
Magic:  5/7        EV: 12    Int: 15    God:
Gold:   58         SH:  0    Dex: 12    Spells: 6/7 levels left

rFire    x . .     SeeInvis .   d - +1 dagger (protect)
rCold    + . .     Gourm    .   (no shield)
rNeg     + + +     Faith    .   f - +0 leather armour
rPois    ∞         Spirit   .   (no helmet)
rElec    .         Reflect  .   (no cloak)
rCorr    .         Harm     .   (no gloves)
MR       .....                  (no boots)
Stlth    +.........             (no amulet)
HPRegen  0.08/turn              (no ring)
MPRegen  0.10/turn              (no ring)

@: no status effects
A: no food or potions, fire vulnerability, cold resistance 1, negative energy
resistance 3, torment resistance, unbreathing
a: no special abilities


You were on level 2 of the Dungeon.
You were not hungry.

You visited 1 branch of the dungeon, and saw 2 of its levels.

You collected 58 gold pieces.

Inventory:

Hand Weapons
 d - a +1 dagger of protection (weapon)
Missiles
 b - 36 stones (quivered)
Armour
 f - a +0 leather armour (worn)
Scrolls
 a - 3 scrolls of identify {!r, unknown}
 c - 3 scrolls of immolation {!r, unknown}
 e - a scroll of remove curse {!r, unknown}
 g - 2 scrolls of blinking {!r, unknown}


   Skills:
 + Level 1.4 Fighting
 * Level 2.6 Dodging
 - Level 1.5 Stealth
 - Level 2.6 Spellcasting
   Level 0.7 Transmutations
 + Level 2.8 Earth Magic


You had 6 spell levels left.
You knew the following spells:

 Your Spells              Type           Power        Failure   Level  Hunger
a - Sandblast             Erth           ##....       9%          1    N/A

Dungeon Overview and Level Annotations

Branches:
Dungeon (2/15)

Altars:


Innate Abilities, Weirdness & Mutations

You do not eat or drink.
Your flesh is vulnerable to fire.
You are immune to poison.
Your flesh is cold resistant. (rC+)
You are immune to negative energy. (rN+++)
You are immune to unholy pain and torment.
You can survive without breathing.


Message History

Casting: Sandblast (safe; 9% risk of failure)
Confirm with . or Enter, or press ? or * to list all spells.
Aiming: Sandblast (safe; 9% risk of failure)
Press: ? - help, Shift-Dir - straight line, f - gnoll
Aim: a gnoll, wielding a spear (moderately wounded)
The blast of sand hits the gnoll.
The gnoll is severely wounded.
b - 39 stones The gnoll closely misses you.
Casting: Sandblast (safe; 9% risk of failure)
Confirm with . or Enter, or press ? or * to list all spells.
Aiming: Sandblast (safe; 9% risk of failure)
Press: ? - help, Shift-Dir - straight line, f/p - gnoll
Aim: a gnoll, wielding a spear (severely wounded)
The blast of sand hits the gnoll.
The gnoll is almost dead.
b - 38 stones The gnoll misses you.
You hit the gnoll.
You kill the gnoll!
You start resting.
Magic restored.
Things that are here:
a spear; a gnoll corpse
There is a stone staircase leading up, spattered with blood here.
Found a ration.
g - 2 scrolls labeled NOFEODANLI {!r} (gained 1)
An adder comes into view.
The adder hisses angrily.
You barely miss the adder. The adder closely misses you.
A gnoll comes into view. It is wielding a whip.
You miss the adder. The adder bites you.
The gnoll moves out of view.
A gnoll comes into view. It is wielding a spear.
You closely miss the adder.
The gnoll shouts!
You hear a shout!
The adder bites you. The adder barely misses you.
A bat comes into view.
Casting: Sandblast (safe; 9% risk of failure)
Confirm with . or Enter, or press ? or * to list all spells.
Aiming: Sandblast (safe; 9% risk of failure)
Press: ? - help, Shift-Dir - straight line, f - adder
Aim: an adder The blast of sand hits the adder.
The adder is severely wounded.
b - 37 stones The adder closely misses you.
You barely miss the adder.
The adder is severely wounded.
The adder barely misses you.
The gnoll hits you from afar with a spear.
The adder bites you.
* * * LOW HITPOINT WARNING * * *
A dart slug comes into view.
Found a stone staircase leading down.
Casting: Sandblast (safe; 9% risk of failure)
Confirm with . or Enter, or press ? or * to list all spells.
Aiming: Sandblast (safe; 9% risk of failure)
Press: ? - help, Shift-Dir - straight line, f/p - adder
Aim: an adder (severely wounded)
The blast of sand misses the adder.
b - 36 stones The adder barely misses you.
The gnoll hits you from afar with a spear!
You die...

.### #..#......#..#
#..##.
###.##..##..##)###.###.
#...#..####..#..#...##†
#...#..####..#..#.#....
##...##..##..##.....#...
..!...#......#.......#..
#....##....##..........
#>....#....#.........##
#.@......#.......#
###S...####.....##
###g..#### ....
#........# #.##..##....
..b ##.# #.. #.%.# #.# .
#..## #.# ..w. ...


You could see a gnoll and an adder.

Vanquished Creatures
  A gnoll (D:2)
  3 adders (D:2)
  A dart slug (D:2)
  2 goblins (D:2)
  4 hobgoblins
  3 kobolds
  2 frilled lizards (D:1)
  3 rats
19 creatures vanquished.

Notes
Turn   | Place    | Note
-------+----------+-------------------------------------------
     0 | D:1      | Amnesiac the Mummy Earth Elementalist began the quest for the Orb.
     0 | D:1      | Reached XP level 1. HP: 13/13 MP: 4/4
   337 | D:2      | Reached XP level 2. HP: 9/20 MP: 0/5
   537 | D:2      | Reached skill level 1 in Fighting
   541 | D:2      | Reached XP level 3. HP: 13/26 MP: 2/7
   858 | D:2      | Slain by a gnoll

Vault maps used:
D:1:      elethiomel_arrival_infinity_welcomes_careful_drivers,
          roderic_lattice_a
D:2:      chequers_ecumenical_altar_simple_redux, minmay_misc_feat_encased,
          minmay_misc_feat_iff, kennysheep_minor_cross, nicolae_ru_awakened_eye

Skill      XL: |  1  2 |
---------------+-------+-----
Dodging        | 2 |  2.6
Fighting       | 1 |  1.4
Stealth        | |  1.5
Spellcasting   | |  2.6
Transmutations | |  0.7
Earth Magic    | |  2.8

Action                   || total
-------------------------++-------
Melee: Dagger            ||    62
       Unarmed           ||     3
 Cast: Sandblast         ||    14
Armor: Leather armour    ||    16
       Robe              ||     1
Dodge: Dodged            ||    49

Table legend:
 A = Spawn XP
 B = Non-spawn XP
 C = Spawn XP percentage of total XP
 D = Spawn monster count
 E = Non-spawn monster count
 F = Spawn count percentage of total count
 G = Total turns spent on level
                    A         B        C        D         E        F      G
               +---------+---------+-------+---------+---------+-------+---------
         Total |       0 |      79 |   0.0 |       0 |      19 |   0.0 |   858
               +---------+---------+-------+---------+---------+-------+---------
           D:1 |       0 |       8 |   0.0 |       0 |       6 |   0.0 |   324
           D:2 |       0 |      71 |   0.0 |       0 |      13 |   0.0 |   534
               +---------+---------+-------+---------+---------+-------+---------
